 Dungeon Crawl Stone Soup version 0.26.0-18-gc5c842f807 (webtiles) character file.

Game seed: 11483477337509974856

87 Hatywr the Grave Robber (level 4, -5/36 HPs)
             Began as a Hill Orc Necromancer on Jan 23, 2021.
             Slain by a worm (12 damage)
             ... on level 2 of the Dungeon.
             The game lasted 00:06:38 (2805 turns).

Hatywr the Grave Robber (Hill Orc Necromancer)      Turns: 2805, Time: 00:06:38

Health: -5/36      AC:  2    Str: 10    XL:     4   Next: 51%
Magic:  2/6        EV: 12    Int: 16    God:
Gold:   85         SH:  0    Dex: 11    Spells: 4/6 levels left

rFire    . . .     SeeInvis .   c - +0 whip
rCold    . . .     Faith    .   (no shield)
rNeg     . . .     Spirit   .   a - +0 robe
rPois    .         Reflect  .   (no helmet)
rElec    .         Harm     .   (no cloak)
rCorr    .         Rampage  .   (no gloves)
Will     .....                  (no boots)
Stlth    ++........             (no amulet)
HPRegen  0.12/turn              (no ring)
MPRegen  0.10/turn              (no ring)

@: no status effects
A: no striking features
a: no special abilities


You were on level 2 of the Dungeon.
You visited 1 branch of the dungeon, and saw 3 of its levels.

You collected 85 gold pieces.

Inventory:

Hand Weapons
 c - a +0 whip (weapon)
Armour
 a - a +0 robe (worn)
 k - a +0 cloak
Jewellery
 h - an uncursed ring of see invisible {unknown}
Scrolls
 b - 2 scrolls of remove curse {unknown}
 e - 3 scrolls of identify {unknown}
Potions
 f - a potion of haste {unknown}
 g - a potion of resistance {unknown}


   Skills:
 + Level 1.8 Fighting
 * Level 2.4 Maces & Flails
 - Level 1.5 Dodging
 - Level 1.5 Stealth
 - Level 1.5 Spellcasting
 - Level 4.9 Necromancy


You had 4 spell levels left.
You knew the following spells:

 Your Spells              Type           Power        Failure   Level
a - Pain                  Necr           64%          3%          1
b - Animate Skeleton      Necr           32%          3%          1

Your spell library contained the following spells:

 Spells                   Type           Power        Failure   Level
 Vampiric Draining        Necr           8%           9%          3
 Animate Dead             Necr           8%           28%         4
 Agony                    Necr           16%          63%         5


Dungeon Overview and Level Annotations

Branches:
Dungeon (3/15)

Altars:
Gozag
Nemelex Xobeh
Ru

Annotations:
D:2 Sigmund


Message History

Casting: Pain (safe; 3% risk of failure)
Confirm with . or Enter, or press ? or * to list all spells.
Aiming: Pain (safe; 3% risk of failure)
Press: ? - help, Shift-Dir - straight line, f/p - worm
Aim: a worm (moderately wounded, chance to affect: 81%)
The worm writhes in agony.
Found a sacrificial altar of Ru.
Found a scroll labelled TOLESO SETAOCUY.
As you read the scroll labelled LOLAQU SUEHOASCH, it crumbles to dust.
You assume a fearsome visage.
The worm resists with some effort.
It was a scroll of fear.
A worm is nearby!
As you read the scroll labelled WUQUGG PIBE, it crumbles to dust.
It is a scroll of amnesia.
Really abort (and waste the scroll)?
Okay, then.
As you read the scroll labelled PIQULY FABU, it crumbles to dust.
You hear a loud clanging noise!
It was a scroll of noise.
The worm bites you!
You die...

..#.###.........#
##.......## .
...†......# ..
##.........# .?.
############## #...
###8###8### ...
#....##8...8...8##.#
#.##.........##.#
#.#_.......w@>#.#
####.........####
###8...8...8###
###8###8### ### ###


You could see a worm.

Vanquished Creatures
  A gnoll (D:3)
  4 adders
  An ooze (D:1)
  A worm (D:3)
  A dart slug (D:2)
  A leopard gecko (D:1)
  2 giant cockroaches
  5 goblins
  4 hobgoblins (D:1)
  2 jackals (D:2)
  4 kobolds (D:1)
  2 bats
  A frilled lizard (D:1)
  3 rats
32 creatures vanquished.

Vanquished Creatures (collateral kills)
  A goblin (D:2)
1 creature vanquished.

Grand Total: 33 creatures vanquished

Notes
Turn   | Place    | Note
-------+----------+-------------------------------------------
     0 | D:1      | Hatywr the Hill Orc Necromancer began the quest for the
                  | Orb.
     0 | D:1      | Reached XP level 1. HP: 14/14 MP: 3/3
   255 | D:1      | Learned a level 1 spell: Animate Skeleton
   417 | D:1      | Reached XP level 2. HP: 9/20 MP: 0/4
  1575 | D:1      | Reached XP level 3. HP: 23/26 MP: 1/5
  2058 | D:2      | Reached skill level 1 in Maces & Flails
  2145 | D:2      | Reached skill level 1 in Fighting
  2289 | D:2      | Found an opulent altar of Gozag.
  2310 | D:2      | Noticed Sigmund
  2451 | D:3      | Reached XP level 4. HP: 25/35 MP: 1/6
  2644 | D:3      | Found a sparkling altar of Nemelex Xobeh.
  2784 | D:2      | Found a sacrificial altar of Ru.
  2805 | D:2      | Slain by a worm

Illustrated notes

Levels and vault maps discovered:
D:1:      lightli_arrival_statuegarden, layout_basic, minmay_pentomino_z2
D:2:      layout_rooms, nicolae_overflow_hidden_temple,
          nicolae_gozag_seed_capital, small_statue_intersection, kennysheep_nub,
          roderic_lattice_a, uniq_sigmund
D:3:      layout_loops_corners, nemelex_diamond_rough_becter

Skill      XL: |  1  2  3 |
---------------+----------+-----
Maces & Flails | 2 |  2.4
Fighting       | 1 |  1.8
Dodging        | |  1.5
Stealth        | |  1.5
Spellcasting   | |  1.5
Necromancy     | |  4.9

Action                   |  1- 3 |  4- 6 || total
-------------------------+-------+-------++-------
Melee: Whip              |    55 |    15 ||    70
       Unarmed           |     2 |       ||     2
 Cast: Pain              |    53 |    14 ||    67
       Animate Skeleton  |     4 |       ||     4
  Use: Scroll            |       |     3 ||     3
Armor: Robe              |    10 |       ||    10
Dodge: Dodged            |    57 |    10 ||    67
